 Dungeon Crawl Stone Soup version 0.20-a0-910-gb611367 (webtiles) character file.

1 Denreik the Skirmisher (level 1, 16/16 HPs)
             Began as an Octopode Abyssal Knight on Mar 24, 2017.
             Was an Initiate of Lugonu.
             Got out of the dungeon alive.
             The game lasted 00:03:10 (726 turns).

Denreik the Skirmisher (Octopode Abyssal Knight)     Turns: 726, Time: 00:03:11

Health: 16/16      AC:  1    Str: 11    XL:     1   Next: 20%
Magic:  2/2        EV: 13    Int: 14    God:    Lugonu [......]
Gold:   163        SH:  0    Dex: 11    Spells: 0/0 levels left

rFire    . . .     SeeInvis .   a - +1 spear
rCold    . . .     Gourm    .   (no shield)
rNeg     . . .     Faith    .   (helmet restricted)
rPois    .         Spirit   .   (no amulet)
rElec    .         Reflect  .   (no ring)
rCorr    .         Harm     .   (no ring)
MR       .....                  (no ring)
Stlth    ++........             (no ring)
Regen    0.1/turn               (no ring)
MPRegen  0.1/turn               (no ring)
                                (no ring)
                                (no ring)

@: no status effects
A: almost no armour, stealthy swim, amphibious, 8 rings, constrict 8, camouflage
1, gelatinous body 1
a: Renounce Religion


You escaped.
You worshipped Lugonu.
Lugonu was noncommittal.
You were not hungry.

You visited 1 branch of the dungeon, and saw 1 of its levels.
You visited the Abyss 1 time.

You collected 163 gold pieces.

Inventory:

Hand Weapons
 a - a +1 spear (weapon)
 d - a +0 hunting sling
 e - a +2 fustibalus of velocity
Missiles
 f - 2 curare-tipped needles
 g - 18 arrows
Scrolls
 c - a scroll of identify
Comestibles
 b - a bread ration


   Skills:
 - Level 3.0 Fighting
 - Level 2.0 Polearms
 - Level 2.3 Dodging
 * Level 0.8 Stealth
 - Level 2.0 Invocations


You couldn't memorise any spells.
You didn't know any spells.

Dungeon Overview and Level Annotations

Branches:
Dungeon (1/15)

Altars:


Innate Abilities, Weirdness & Mutations

You cannot wear most types of armour.
You are very stealthy in the water. (Stealth+)
You are amphibious.
You can wear up to eight rings at the same time.
You can use your tentacles to constrict eight enemies at once.
Your skin changes colour to match your surroundings (Stealth+).
Your rubbery body absorbs attacks. (AC +1, EV +1)


Message History

You reach to attack!
You closely miss the kobold. You hit the kobold.
You kill the kobold!
Lugonu accepts your kill.
No target in view!
No target in view!
h - a scroll labeled QAASCH ZANNAROW
Press: ? - help, v - describe, . - travel The floor.
You see here a bat corpse.
Press: ? - help, v - describe, . - travel The floor.
As you read the scroll labeled QAASCH ZANNAROW, it crumbles to dust.
You feel aware of your surroundings.
It was a scroll of magic mapping.
You see here a bat corpse.
You open the door.
There is an open door here.
There is a staircase leading out of the dungeon here.
Are you sure you want to leave the Dungeon?
This will make you lose the game!
You have escaped!

,***,** *,*,,,,*,* ##.## ,***,*
*#.***,,,* #.# ,,,,,* #.* *****
#.# ,***** ##*#.* ### ##'## ## ,*
*#≈##.* ##≈####...## #. ,***
*#≈♣≈..###≈.≈##.....###. ,*,**
*≈♣⌠♣≈≈≈≈≈.⌠.≈.......##.
,,,,*****#.≈♣........≈.........#.
,,,,,,,,,...≈...@...≈..........'.
,,,,*****#.≈♣......)♣≈.........#.
,,,,,* *≈♣⌠♣≈≈≈≈≈♣⌠♣≈.......##.
****,* *#≈♣≈.####≈♣≈##.....####
*,* *#≈#.,,,##≈####...## # *,*
####**,*### ##+## *,* *,*
*,****** ****,* *,* *,,,,,,,
,>,,,* *,* **,******


There were no monsters in sight!

Vanquished Creatures
  A bat (D:1)
  A kobold (D:1)
2 creatures vanquished.

Vanquished Creatures (others)
  4 toadstools (D:1)
4 creatures vanquished.

Grand Total: 6 creatures vanquished

Notes
Turn   | Place    | Note
-------+----------+-------------------------------------------
     0 | Abyss:1  | Denreik the Octopode Abyssal Knight began the quest for the Orb.
     0 | Abyss:1  | Reached XP level 1. HP: 16/16 MP: 2/2
   107 | Abyss:2  | Found a corrupted altar of Lugonu.
   152 | Abyss:2  | Noticed a flying skull
   176 | Abyss:2  | Noticed a large abomination
   206 | Abyss:2  | Noticed a tentacled starspawn
   224 | Abyss:2  | Noticed an ancient zyme
   255 | D:1      | Escaped the Abyss
   726 | D:$      | Got out of the dungeon alive.

Vault maps used:
D:1:      ldierk_water_garden

Action                   || total
-------------------------++-------
Melee: Spear             ||     5
Invok: Depart the Abyss  ||     1
  Use: Scroll            ||     2
       Potion            ||     1
 Stab: Sleeping          ||     1
Dodge: Dodged            ||     4
